 Dungeon Crawl Stone Soup version 0.30-a0-778-g2ef04afb54 (webtiles) character file.

Game seed: 13600346380676916350

46 AzureAlchemist the Firebug (level 3, -1/36 HPs)
             Began as an Ogre Fire Elementalist on Feb 15, 2023.
             Slain by an ice beast (14 damage)
             ... on level 3 of the Dungeon.
             The game lasted 00:05:09 (1833 turns).

AzureAlchemist the Firebug (Ogre Fire Elementalist) Turns: 1833, Time: 00:05:09

Health: -1/36      AC:  4    Str: 12    XL:     3   Next: 66%
Magic:  6/7        EV:  9    Int: 18    God:
Gold:   140        SH:  0    Dex:  9    Spells: 2/8 levels left

rFire   . . .      SeeInvis .    a - +0 spear
rCold   . . .      Faith    .    (no shield)
rNeg    . . .      Spirit   .    h - +0 robe
rPois   .          Reflect  .    (helmet restricted)
rElec   .          Harm     .    o - +0 cloak
rCorr   .          Rampage  .    (gloves unavailable)
Will    .....                    (boots unavailable)
Stlth   +                        d - amulet of regeneration
HPRegen 1.06/turn                (no ring)
MPRegen 0.10/turn                (no ring)

@: no status effects
A: large, unfitting armour, tough skin 1
a: no special abilities


You were on level 3 of the Dungeon.
You visited 1 branch of the dungeon, and saw 3 of its levels.

You collected 140 gold pieces.

Inventory:

Hand Weapons
 a - a +0 spear (weapon)
Missiles
 q - 3 curare-tipped darts (quivered)
Armour
 h - a +0 robe (worn)
 o - a +0 cloak (worn)
Jewellery
 d - an amulet of regeneration (around neck)
Scrolls
 e - a scroll of amnesia {unknown}
 f - a scroll of fear {unknown}
 g - 2 scrolls of identify {unknown}
 i - a scroll of enchant weapon {unknown}
 l - a scroll of blinking {unknown}
 m - a scroll of noise {unknown}
 n - a scroll of fog {unknown}
Potions
 b - 2 potions of magic
 c - a potion of flight {unknown}
 j - 2 potions of brilliance {unknown}
 k - a potion of lignification {unknown}
 p - a potion of heal wounds {unknown}


   Skills:
 * Level 2.4 Fighting
 - Level 1.7 Dodging
 - Level 1.4 Stealth
 + Level 3.0 Spellcasting
 + Level 1.5 Conjurations
 + Level 3.0 Fire Magic


You had 2 spell levels left.
You knew the following spells:

 Your Spells              Type           Power      Damage    Failure   Level
a - Foxfire               Conj/Fire      40%        2x1d6     6%          1
b - Scorch                Fire           26%        2d6       7%          2
c - Inner Flame           Hex/Fire       8%         N/A       26%         3

Your spell library contained the following spells:

 Spells                   Type           Power      Damage    Failure   Level
 Kindle Blastsparks       Fire/Tloc/Air  12%        2d11      32%         3
 Frozen Ramparts          Ice            4%         1d1       43%         3
 Flame Wave               Conj/Fire      10%        2d6       54%         4
 Ice Form                 Ice/Tmut       2%         N/A       85%         4
 Summon Ice Beast         Ice/Summ       2%         N/A       85%         4


Dungeon Overview and Level Annotations

Branches:
Dungeon (3/15)

Altars:


Innate Abilities, Weirdness & Mutations

You are too large for most types of armour.
You have tough skin. (AC +1)


Message History

The ice beast's fire resistance burns away.
Casting: Scorch (safe; 7% risk of failure)
Confirm with . or Enter, or press ? or * to list all spells.
You conjure some foxfire!
The ice beast hits you but does no damage.
The foxfire hits the ice beast but does no damage.
The ice beast is lightly wounded.
The foxfire hits the ice beast.
The ice beast melts!
The ice beast is moderately wounded.
Casting: Foxfire (safe; 6% risk of failure)
Confirm with . or Enter, or press ? or * to list all spells.
You conjure some foxfire!
The ice beast is no longer more vulnerable to fire.
The ice beast barely misses you.
The foxfire hits the ice beast.
The ice beast melts!
The ice beast is heavily wounded.
The foxfire hits the ice beast but does no damage.
The ice beast is heavily wounded.
You see here a rat corpse.
Casting: Foxfire (safe; 6% risk of failure)
Confirm with . or Enter, or press ? or * to list all spells.
You conjure some foxfire!
The ice beast hits you. The ice beast freezes you!
Your foxfire dissipates!
The foxfire hits the ice beast.
The ice beast melts!
The ice beast is heavily wounded.
You see here 4 stones.
Casting: Foxfire (safe; 6% risk of failure)
Confirm with . or Enter, or press ? or * to list all spells.
Flames lash the ice beast.
The ice beast melts!
The ice beast is severely wounded.
The ice beast's fire resistance burns away.
The ice beast hits you. The ice beast freezes you!
Okay, then.
You aren't carrying any items that you can evoke.
Okay, then.
Magic courses through your body. The ice beast barely misses you.
Casting: Scorch (safe; 7% risk of failure)
Confirm with . or Enter, or press ? or * to list all spells.
You conjure some foxfire!
The ice beast hits you. The ice beast freezes you!
You die...

#############..####)..##....
..................
###.###.###)...... ##...#
#...##......
#######..######.......##.
#........####...##......
#.............### .##.#.
#.).....v###### .# .#
#.......@# ## # #[.....vY#
#........# . #........# ...
#........###..#
#########.....# #..Y......#
#............ #.............


You could see an ice beast (combustible, ally target).

Vanquished Creatures
  2 dart slugs (D:1)
  An orc (D:3)
  3 endoplasms
  A giant cockroach (D:1)
  5 goblins
  2 hobgoblins
  6 jackals
  5 quokkas
  4 ball pythons
  2 bats (D:1)
  2 frilled lizards
  2 kobolds
  A rat (D:3)
36 creatures vanquished.

Vanquished Creatures (others)
  77 foxfires
77 creatures vanquished.

Grand Total: 113 creatures vanquished

Notes
Turn   | Place    | Note
-------+----------+-------------------------------------------
     0 | D:1      | AzureAlchemist the Ogre Fire Elementalist began the quest
                  | for the Orb.
     0 | D:1      | Reached XP level 1. HP: 16/16 MP: 3/3
    85 | D:1      | Reached skill level 1 in Conjurations
   184 | D:1      | Reached skill level 1 in Fighting
   189 | D:1      | Reached XP level 2. HP: 27/27 MP: 0/5
   192 | D:1      | Learned a level 2 spell: Scorch
   753 | D:1      | Reached XP level 3. HP: 35/35 MP: 7/7
  1326 | D:2      | Learned a level 3 spell: Inner Flame
  1821 | D:3      | Noticed an ice beast
  1833 | D:3      | Slain by an ice beast

Illustrated notes

Levels and vault maps discovered:
D:1:      dpeg_arrival_rooms_c, layout_loops_cross
D:2:      layout_loops_cross
D:3:      layout_rooms, nicolae_uskayaw_suspiria

Skill      XL: |  1  2  3 |
---------------+----------+-----
Conjurations   | 1 |  1.5
Fighting       | 1 2 |  2.4
Fire Magic     | 3 |  3.0
Spellcasting   | 3 |  3.0
Dodging        | |  1.7
Stealth        | |  1.4

Action                     || total
---------------------------++-------
  Melee: Unarmed           ||     1
         Spear             ||    31
   Cast: Foxfire           ||    46
         Scorch            ||     2
    Use: Potion            ||     1
   Stab: Sleeping          ||     2
 Armour: Robe              ||    10
  Dodge: Dodged            ||    12

Table legend: (Time is in decaauts)
 A = Elapsed time spent in this place.
 B = Non-inter-level travel time spent in this place.
 C = Inter-level travel time spent in this place.
 D = Time resting spent in this place.
 E = Time spent auto-exploring this place.
 F = Levels seen in this place.
 G = Mean time per level.
                   A        B        C        D        E       F      G
               +--------+--------+--------+--------+--------+-----+--------+
         Total |   1835 |   1762 |     73 |      2 |   1502 |   3 |  611.7 |
       Dungeon |   1835 |   1762 |     73 |      2 |   1502 |   3 |  611.7 |
               +--------+--------+--------+--------+--------+-----+--------+

Top non-repeatable levels by time:
     D:1: 1006 daAuts
     D:2: 684 daAuts
     D:3: 144 daAuts
